 Dungeon Crawl Stone Soup version 0.25-a0-464-g3004169c2b (webtiles) character file.

Game seed: 1619657864107293795, levelgen mode: deterministic

63 Kohma the Grave Robber (level 3, -1/24 HPs)
             Began as a Vampire Necromancer on Feb 4, 2020.
             Slain by an orc wizard
             ... wielding a +0 dagger
              (3 damage)
             ... on level 3 of the Dungeon.
             The game lasted 00:06:54 (2050 turns).

Kohma the Grave Robber (Vampire Necromancer)        Turns: 2050, Time: 00:06:55

Health: -1/24      AC:  2    Str:  7    XL:     3   Next: 89%
Magic:  0/6        EV: 12    Int: 18    God:
Gold:   204        SH:  0    Dex: 14    Spells: 5/7 levels left

rFire    . . .     SeeInvis +   g - +0 spear
rCold    . . .     Gourm    .   (no shield)
rNeg     . . .     Faith    .   a - +0 robe
rPois    .         Spirit   .   (no helmet)
rElec    .         Reflect  .   (no cloak)
rCorr    .         Harm     .   (no gloves)
MR       .....                  (no boots)
Stlth    +++.......             (no amulet)
HPRegen  0.28/turn              (no ring)
MPRegen  0.10/turn              (no ring)

@: regenerating quickly
A: no food, fangs 3, see invisible, unbreathing
a: Exsanguinate


You were on level 3 of the Dungeon.
You were alive.

You visited 1 branch of the dungeon, and saw 3 of its levels.

You collected 204 gold pieces.

Inventory:

Hand Weapons
 e - a +0 dagger
 g - a +0 spear (weapon)
Missiles
 c - 112 stones
 q - 21 poisoned darts (quivered)
Armour
 a - a +0 robe (worn)
Jewellery
 p - an uncursed amulet of rage {unknown}
Wands
 m - a wand of digging (3)
Scrolls
 b - 2 scrolls of amnesia {unknown}
 d - 3 scrolls of remove curse {unknown}
 f - a scroll of random uselessness {unknown}
 k - a scroll of teleportation {unknown}
 n - 2 scrolls of identify {unknown}
 o - a scroll of magic mapping {unknown}
 s - a scroll of immolation {unknown}
Potions
 h - a potion of heal wounds {unknown}
 i - a potion of flight {unknown}
 j - a potion of cancellation
 l - a potion of ambrosia
 r - a potion of mutation {unknown}
 t - a potion of invisibility {unknown}


   Skills:
 - Level 2.1 Dodging
 + Level 4.2 Stealth
 + Level 2.5 Spellcasting
 * Level 5.3 Necromancy


You had 5 spell levels left.
You knew the following spells:

 Your Spells              Type           Power        Failure   Level  Hunger
a - Pain                  Necr           ###.         1%          1    N/A
b - Animate Skeleton      Necr           N/A          1%          1    N/A

Your spell library contained the following spells:

 Spells                   Type           Power        Failure   Level  Hunger
 Vampiric Draining        Necr           ###.......   6%          3    N/A
 Animate Dead             Necr           N/A          19%         4    N/A
 Agony                    Necr           ###.....     47%         5    N/A

Dungeon Overview and Level Annotations

Branches:
Dungeon (3/15)

Altars:
Cheibriados
Hepliaklqana
Ru


Innate Abilities, Weirdness & Mutations

You do not eat.
Your natural rate of healing is unusually fast.
You have razor-sharp teeth.
You have supernaturally acute eyesight. (SInv)
You can survive without breathing.


Message History

There is an open door here.
You see here a robe.
You hit the orc wizard but do no damage.
The orc wizard hits you with a +0 dagger.
The orc wizard barely misses you.
You closely miss the orc wizard. The orc wizard misses you.
The orc wizard hits you but does no damage.
You closely miss the orc wizard. Your bite misses the orc wizard.
The orc wizard hits you with a +0 dagger.
* * * LOW HITPOINT WARNING * * *
Casting: Pain (safe; 1% risk of failure)
Confirm with . or Enter, or press ? or * to list all spells.
Aiming: Pain (safe; 1% risk of failure)
Press: ? - help, Shift-Dir - straight line, f - orc wizard
Aim: an orc wizard, wielding a +0 dagger and wearing a +0 robe (fast, slightly transparent, chance to defeat MR: 80%)
The orc wizard writhes in agony.
The orc wizard hits you with a +0 dagger.
* * * LOW HITPOINT WARNING * * *
The orc wizard hits you with a +0 dagger.
You die...

##### #.# #...###.#
## #.#%#...######
...... ... ..
#.#Z#.##.....# ...#.#
#.# #.
#.#....#.#.....#
....# #.#
#.##'######.#.#.###
o..# #.# #......#
#.#.# # ... #.#
##.....# #.#.#
####.#####)# #.@...#
#.#.#
....)#..)..######o###
#.#..
....).....g.K.>...#
#.###
.....)(...#.##.##.#
#.#
.......(..#.##.##.#
####'##
..........#.##.##.#
#.....#
'#####+####.##.##.#
#.....####### .
..##.##.#
#.....'......
####.##.#
#.....#######


You could see an orc wizard (invisible).

Vanquished Creatures
  An adder (D:2)
  2 oozes (D:2)
  2 leopard geckos (D:3)
  4 orcs (D:3)
  3 giant cockroaches
  3 goblins
  3 hobgoblins
  A quokka (D:2)
  2 ball pythons
  7 bats
  A frilled lizard (D:1)
  5 kobolds
  6 rats
40 creatures vanquished.

Vanquished Creatures (collateral kills)
  A kobold (D:1)
  A rat (D:2)
2 creatures vanquished.

Grand Total: 42 creatures vanquished

Notes
Turn   | Place    | Note
-------+----------+-------------------------------------------
     0 | D:1      | Kohma the Vampire Necromancer began the quest for the Orb.
     0 | D:1      | Reached XP level 1. HP: 13/13 MP: 3/3
   106 | D:1      | Learned a level 1 spell: Animate Skeleton
   251 | D:1      | Reached XP level 2. HP: 10/19 MP: 1/5
  1134 | D:2      | Found a snail-covered altar of Cheibriados.
  1181 | D:2      | Reached skill level 5 in Necromancy
  1294 | D:2      | Reached XP level 3. HP: 19/24 MP: 3/6
  1405 | D:2      | Found a sacrificial altar of Ru.
  1606 | D:2      | Found a hazy altar of Hepliaklqana.
  2050 | D:3      | Slain by an orc wizard

Levels and vault maps discovered:
D:1:      wander_arrival_abandoned_jail, layout_basic, serial_park_tiny_2,
          corexii_leaking_fountain, chequers_jeans
D:2:      layout_loops_ring, marbit_many_paths, cheibriados_altar_1,
          nicolae_ru_sacrificial_ziggurat, st_stairs_11
D:3:      layout_basic

Skill      XL: |  1  2  3 |
---------------+----------+-----
Necromancy     | 5 |  5.3
Stealth        | 4 |  4.2
Dodging        | |  2.1
Spellcasting   | |  2.5

Action                   || total
-------------------------++-------
Melee: Dagger            ||     6
       Club              ||     2
       Spear             ||    39
       Bite              ||     2
 Cast: Pain              ||    61
       Animate Skeleton  ||    11
  Use: Potion            ||     2
 Stab: Sleeping          ||     2
Armor: Robe              ||    15
Dodge: Dodged            ||    71

Table legend:
 A = Non-vault XP
 B = Vault XP
 C = Vault XP percentage of total XP
 D = Non-vault monster count
 E = Vault monster count
 F = Vault count percentage of total count
                 A         B        C        D         E       F
            +---------+---------+-------+---------+---------+-------
      Total |      73 |      18 |  19.8 |      38 |       4 |   9.5
            +---------+---------+-------+---------+---------+-------
        D:1 |      23 |       0 |   0.0 |      17 |       0 |   0.0
        D:2 |      24 |      18 |  42.9 |      10 |       4 |  28.6
        D:3 |      26 |       0 |   0.0 |      11 |       0 |   0.0
            +---------+---------+-------+---------+---------+-------
